Map: Year Zero LE

Players

liquidthermy (uThermal)

  • Race: Terran Terran
  • Spawn Location: 1:00

HeroMarine - Winner!

  • Race: Terran Terran
  • League: Master
  • Spawn Location: 11:00

Event: 2019 WCS Winter Europe

VOD

Have the link to the VOD?

Description

Time

  • Played on: Feb. 15, 2019, 10:12 a.m.
  • Length: 10:06

All games in this series

Show
View Real Time Build Order
Export as new Build Order

liquidthermy Terran 

Build Orders: Gas First Reaper Expand 

Get SALT Encoding   

  12  0:01  SCV  
  13  0:13  SCV  
  14  0:17  Supply Depot  
  14  0:25  SCV  
  14  0:28  Refinery  
  15  0:39  SCV  
  16  0:45  Barracks  
  16  0:51  SCV  
  17  1:03  SCV  
  18  1:15  SCV  
  19  1:32  Reaper, Orbital Command  
  20  1:48  Command Center  
  20  1:58  SCV  
  21  2:06  Factory, Barracks Reactor  
  21  2:10  SCV  
  22  2:15  Supply Depot  
  22  2:22  SCV  
  23  2:23  Refinery  
  23  2:37  SCV  
  24  2:49  SCV  
  24  2:50  Starport  
  25  2:55  Hellion x2  
  29  3:00  Orbital Command  
  29  3:03  SCV  
  30  3:06  Barracks Tech Lab  
  30  3:15  SCV  
  30  3:17  Hellion  
  30  3:19  Hellion  
  35  3:25  SCV  
  37  3:27  SCV  
  37  3:36  Raven  
  37  3:37  SCV  
  37  3:39  SCV  
  41  3:42  Refinery  
  41  3:44  Supply Depot  
  41  3:46  Factory Tech Lab  
  41  3:47  Marine x2  
  43  3:50  SCV  
  43  3:51  SCV  
  45  3:57  Supply Depot  
  45  4:02  SCV  
  46  4:05  SCV, Marine x2  
  49  4:14  SCV  
  47  4:17  SCV  
  47  4:18  Raven  
  47  4:23  Marine  
  49  4:26  SCV  
  49  4:29  SCV  
  49  4:31  Marine  
  49  4:34  Siege Tank  
  51  4:38  SCV  
  51  4:39  Command Center  
  51  4:41  SCV, Marine  
  51  4:45  Refinery  
  54  4:46  Supply Depot  
  54  4:50  SCV  
  55  4:53  SCV  
  58  5:03  SCV  
  58  5:06  SCV, Siege Tank  
  61  5:10  Viking x2  
  61  5:11  Supply Depot  
  61  5:12  Marine  
  66  5:14  Stimpack  
  66  5:18  Supply Depot  
  66  5:20  SCV  
  66  5:21  SCV  
  68  5:32  SCV  
  69  5:36  SCV  
  69  5:40  Viking x2, Siege Tank  
  77  5:45  Engineering Bay  
  77  5:46  SCV, Engineering Bay  
  77  5:48  Marine  
  79  5:53  Orbital Command  
  79  5:54  SCV  
  80  5:59  SCV  
  81  6:05  Marine  
  81  6:06  SCV  
  81  6:10  Viking x2  
  87  6:13  Terran Infantry Weapons Level 1, Terran Infantry Armor Level 1  
  87  6:14  Supply Depot  
  87  6:15  SCV  
  88  6:18  Siege Tank  
  88  6:20  SCV, Orbital Command  
  88  6:23  Marine  
  93  6:27  SCV  
  93  6:32  SCV  
  95  6:39  Barracks  
  95  6:40  Viking, Barracks  
  95  6:43  Viking  
  95  6:44  SCV  
  95  6:46  SCV  
  101  6:47  SCV  
  101  6:51  Siege Tank  
  101  6:53  Marine  
  105  6:57  SCV, Supply Depot  
  105  6:59  SCV  
  107  7:05  Armory  
  107  7:10  Barracks  
  107  7:11  SCV  
  107  7:12  SCV, Barracks  
  109  7:18  Marine  
  109  7:21  SCV  
  105  7:24  Viking x2  
  105  7:28  SCV  
  110  7:30  SCV, Marine  
  110  7:33  SCV  
  110  7:36  Siege Tank  
  116  7:40  SCV  
  116  7:43  SCV  
  114  7:45  SCV  
  109  7:52  SCV  
  109  7:53  Barracks Reactor x2  
  109  7:55  SCV  
  109  7:56  Marine  
  109  7:57  SCV  
  113  8:01  Refinery x2  
  113  8:04  SCV  
  110  8:07  SCV  
  110  8:08  Siege Tank  
  110  8:09  Command Center  
  110  8:10  SCV  
  96  8:14  Marine, Barracks Reactor x2  
  96  8:16  SCV  
  96  8:19  SCV  
  92  8:22  SCV  
  93  8:28  Missile Turret  
  93  8:29  SCV  
  93  8:30  Marine x3  
  93  8:31  SCV, Marine  
  99  8:34  Refinery x2, Supply Depot  
  99  8:35  SCV, Marine  
  99  8:39  Combat Shield  
  99  8:40  Siege Tank  
  104  8:41  Supply Depot  
  104  8:42  SCV  
  104  8:46  SCV  
  104  8:48  Marine x3  
  106  8:50  Sensor Tower  
  106  8:51  Marine, Supply Depot  
  106  8:52  Marine  
  106  8:53  Marine x2  
  106  8:55  Medivac  
  115  8:58  Marine  
  115  9:00  SCV  
  115  9:02  Marine  
  117  9:03  Medivac  
  117  9:06  Marine x2  
  121  9:13  Siege Tank, Marine  
  121  9:16  Marine  
  126  9:17  Marine  
  126  9:18  Marine  
  126  9:20  Marine x2  
  126  9:21  Planetary Fortress  
  126  9:23  Marine  
  128  9:24  Marine x2  
  128  9:25  Medivac  
  128  9:31  Marine  
  132  9:34  Medivac, Marine  
  132  9:35  Marine  
  132  9:36  Marine  
  132  9:37  Marine  
  132  9:38  Marine  
  131  9:41  Marine  
  131  9:42  Marine x2  
  130  9:50  SCV  
  130  9:51  SCV x2  
Show
View Real Time Build Order
Export as new Build Order

HeroMarine Terran - Winner!

Build Orders: Gas First Reaper Expand 

Get SALT Encoding   

  12  0:00  SCV  
  13  0:13  SCV  
  14  0:18  Supply Depot  
  14  0:25  SCV  
  15  0:29  Refinery  
  15  0:40  SCV  
  16  0:45  Barracks  
  16  0:52  SCV  
  17  1:04  SCV  
  18  1:16  SCV  
  19  1:33  Reaper, Orbital Command  
  20  1:47  Command Center  
  20  1:58  SCV  
  21  2:05  Factory  
  21  2:08  Marine  
  22  2:11  Supply Depot  
  22  2:15  SCV  
  23  2:21  Refinery  
  23  2:26  Barracks Reactor  
  23  2:33  SCV  
  24  2:45  SCV  
  24  2:49  Hellion  
  24  2:50  Starport  
  27  2:57  SCV  
  28  3:00  Orbital Command  
  28  3:03  Marine x2  
  30  3:09  SCV  
  30  3:12  Factory Tech Lab  
  31  3:21  SCV, Marine x2  
  31  3:26  SCV  
  35  3:33  SCV  
  36  3:34  Raven  
  36  3:38  Refinery, Supply Depot  
  36  3:39  SCV  
  36  3:40  Factory Tech Lab  
  39  3:42  Marine x2  
  39  3:46  SCV  
  42  3:51  SCV  
  43  3:58  SCV  
  43  4:00  Cyclone  
  47  4:02  Supply Depot  
  47  4:03  SCV  
  47  4:05  Marine  
  47  4:06  Marine  
  50  4:10  SCV  
  50  4:15  SCV  
  49  4:22  SCV  
  48  4:27  SCV  
  48  4:30  Raven  
  51  4:34  SCV  
  51  4:38  Command Center  
  50  4:44  Siege Tank  
  50  4:45  SCV  
  54  4:46  SCV  
  54  4:50  Supply Depot  
  55  4:53  Marine x2  
  55  4:57  SCV  
  55  4:59  Refinery  
  59  5:00  SCV  
  59  5:10  SCV  
  59  5:12  SCV, Supply Depot  
  61  5:20  Viking  
  61  5:21  Viking  
  65  5:23  Siege Tank  
  65  5:24  Marine  
  65  5:25  Stimpack  
  69  5:28  SCV  
  69  5:34  SCV  
  71  5:38  Engineering Bay  
  71  5:39  Engineering Bay  
  71  5:41  SCV  
  72  5:46  SCV  
  74  5:50  Orbital Command  
  74  5:53  SCV  
  74  5:56  Viking x2  
  78  5:58  SCV, Siege Tank  
  82  6:05  Terran Infantry Weapons Level 1, Terran Infantry Armor Level 1  
  82  6:16  Orbital Command  
  82  6:19  Barracks  
  82  6:20  Barracks  
  84  6:26  Barracks  
  84  6:28  Barracks  
  84  6:30  Supply Depot  
  84  6:31  Supply Depot  
  80  6:33  Viking  
  80  6:36  Viking  
  80  6:38  SCV x2  
  86  6:40  Marine  
  86  6:41  Siege Tank  
  86  6:45  SCV  
  91  6:50  SCV  
  91  6:51  SCV  
  93  6:57  SCV  
  93  6:59  Refinery  
  93  7:00  Refinery  
  94  7:03  SCV x2  
  96  7:09  SCV  
  96  7:14  Viking x2, Siege Tank  
  96  7:15  SCV x2, Barracks Reactor x4  
  103  7:21  SCV  
  104  7:24  Marine  
  104  7:27  SCV x2  
  107  7:33  SCV  
  105  7:37  Combat Shield  
  105  7:39  SCV x2  
  102  7:44  Viking x2  
  102  7:45  SCV  
  108  7:51  SCV x2  
  108  7:52  Marine  
  108  7:56  Marine  
  109  7:59  Marine  
  109  8:00  Marine  
  109  8:01  Marine  
  109  8:05  Marine  
  108  8:07  Marine x3  
  108  8:08  SCV  
  108  8:09  SCV  
  108  8:10  Marine  
  108  8:11  SCV  
  106  8:14  Marine  
  106  8:15  Medivac  
  109  8:22  Supply Depot  
  109  8:23  Marine x3  
  109  8:24  SCV x2, Siege Tank  
  109  8:25  Supply Depot  
  117  8:27  Supply Depot  
  117  8:28  Armory  
  117  8:29  Supply Depot  
  117  8:33  Medivac, Marine  
  117  8:36  Marine x3  
  117  8:37  SCV x3, Marine x2  
  125  8:42  Sensor Tower  
  125  8:43  Marine x3  
  128  8:51  Marine  
  128  8:52  Medivac  
  128  8:54  Marine x3  
  134  9:00  Marine x2  
  134  9:01  Command Center, Marine x3  
  139  9:08  Marine  
  140  9:12  Marine x3  
  140  9:18  Marine x2  
  140  9:19  Marine x3  
  140  9:21  Siege Tank  
  140  9:22  Medivac x2  
  152  9:26  Marine  
  152  9:30  Marine x3  
  152  9:36  Marine x2  
  152  9:37  Marine x2  
  156  9:40  Marine  
  156  9:45  Factory  
Tags
 
Add a new tag
Caveats
  • Supply blocks, unpowered buildings, or Contaminate may cause inaccurate times.
  • Supply counts are checked every 10 seconds.